 Dungeon Crawl Stone Soup version 0.19-a0-787-gcef06a7 (webtiles) character file.

585 Etesian the Firebug (level 7, 0/36 HPs)
             Began as a Deep Elf Fire Elementalist on June 26, 2016.
             Slain by a wraith (6 damage)
             ... in an ossuary.
             The game lasted 00:15:18 (5730 turns).

Etesian the Firebug (Deep Elf Fire Elementalist)    Turns: 5730, Time: 00:15:19

Health: 0/36       AC:  5    Str:  5    XL:     7   Next: 14%
Magic:  9/16       EV: 14    Int: 27    God:
Gold:   172        SH:  0    Dex: 15    Spells: 4 memorised, 7 levels left

rFire  + . .     SeeInvis .     f - +2 short sword (curse)
rCold  . . .     Gourm    .     a - +0 robe
rNeg   . . .     Faith    .     (no shield)
rPois  .         Spirit   .     (no helmet)
rElec  .         Dismiss  .     (no cloak)
rCorr  .         Reflect  .     k - +0 pair of gloves
SustAt +         Harm     .     (no boots)
MR     +....                    (no amulet)
Stlth  ++........               l - ring of sustain attributes (curse)
                                h - ring of protection from fire

@: brilliant, slowed, very slow, somewhat resistant to hostile enchantments,
unstealthy
A: yellow scales 1, magic resistance 1, evolution 1
a: no special abilities


You were in an ossuary.
You were near starving.

You visited 1 branch of the dungeon, and saw 4 of its levels.
You also visited: Ossuary.

You collected 172 gold pieces.

Inventory:

Hand Weapons
 f - a cursed +2 short sword (weapon)
 g - a +1 short sword
Missiles
 o - 7 tomahawks (quivered)
Armour
 a - a +0 robe (worn)
 k - a +0 pair of gloves (worn)
Jewellery
 h - a ring of protection from fire (left hand)
 l - a cursed ring of sustain attributes (right hand)
Wands
 j - a wand of paralysis (3/24)
Scrolls
 d - 2 scrolls of enchant weapon
 i - 3 scrolls of remove curse
 n - 2 scrolls of identify
Potions
 e - a potion of heal wounds
 q - 2 potions of cure mutation
Books
 b - a book of Flames

   Spells                             Type                      Level
   a - Flame Tongue                   Conjuration/Fire             1
   b - Throw Flame                    Conjuration/Fire             2
   c - Conjure Flame                  Conjuration/Fire             3
   d - Inner Flame                    Hexes/Fire                   3
   e - Sticky Flame                   Conjuration/Fire             4
   f - Fireball                       Conjuration/Fire             5
Comestibles
 c - 3 bread rations


   Skills:
 + Level 4.4 Dodging
 - Level 2.4 Stealth
 + Level 5.1 Spellcasting
 * Level 4.6 Conjurations
 * Level 5.9 Fire Magic


You had 7 spell levels left.
You knew the following spells:

 Your Spells              Type           Power        Failure   Level  Hunger
a - Flame Tongue          Conj/Fire      #####        1%          1    None
b - Throw Flame           Conj/Fire      ######       1%          2    None
c - Conjure Flame         Conj/Fire      ######..     1%          3    #......
d - Inner Flame           Hex/Fire       #####...     1%          3    #......


Dungeon Overview and Level Annotations

Branches:
Dungeon (4/15)             Temple (0/1) D:4

Altars:
Dithmenos
Hepliaklqana
Trog

Annotations:
D:3 exclusion: upstairs


Innate Abilities, Weirdness & Mutations

You are partially covered in yellow scales. (AC +2)
You are resistant to hostile enchantments. (MR+)
You evolve.


Message History

Press: ? - help, Shift-Dir - straight line, f/p - wraith
Aim: a wraith (lightly damaged)
The puff of flame misses the wraith.
The wraith hits you. The wraith misses you.
You take 5 damage, and have 16/36 hp.
You now have 10/16 mp.
Casting: Throw Flame
Confirm with . or Enter, or press ? or * to list all spells.
Aiming: Throw Flame
Press: ? - help, Shift-Dir - straight line, f/p - wraith
Aim: a wraith (lightly damaged)
The puff of flame hits the wraith.
The wraith is moderately damaged.
The wraith hits you!
* * * LOW HITPOINT WARNING * * *
The wraith drains your vigour!
You feel as though you will be slow longer.
You take 10 damage, and have 6/36 hp.
MASSIVE DAMAGE!!
You now have 8/16 mp.
You feel clever all of a sudden. The wraith hits you.
You die...

#. .# #.
z#.?!/.# .# #.
##.?!!.## .# #.
... ... .# #.
... ... .# #.
##.# #.###.#
#.#W#.# #.#)#.#
#.@##.###.##'.#
#.............#
#######+#######
#.# ###.###
#z▓.▓W# ###.###
#.# #'#


You could see a wraith.

Vanquished Creatures
  The ghost of Etesian the Firebug, an amateur DEFE (D:3)
  2 wights (Ossuary)
  3 orc wizards
  An iguana (D:3)
  An orc priest (D:4)
  2 worker ants
  3 adders
  5 oozes
  2 adder zombies (Ossuary)
  A worm (D:3)
  6 dart slugs
  2 giant geckos
  5 orcs
  9 bats
  5 giant cockroaches
  7 goblins
  10 hobgoblins
  7 jackals (D:3)
  2 quokkas
  A ball python (D:1)
  A ball python skeleton (Ossuary)
  3 giant newts
  A hobgoblin zombie (Ossuary)
  5 kobolds
  2 kobold zombies (Ossuary)
  2 orc skeletons (Ossuary)
  An orc zombie (Ossuary)
  14 rats
104 creatures vanquished.

Notes
Turn   | Place    | Note
--------------------------------------------------------------
     0 | D:1      | Etesian the Deep Elf Fire Elementalist began the quest for the Orb.
     0 | D:1      | Reached XP level 1. HP: 10/10 MP: 6/6
   465 | D:1      | Reached XP level 2. HP: 13/15 MP: 8/8
   997 | D:1      | Reached XP level 3. HP: 19/19 MP: 7/9
  1003 | D:1      | Learned a level 2 spell: Throw Flame
  1007 | D:1      | Learned a level 3 spell: Conjure Flame
  1252 | D:2      | Found a hazy altar of Hepliaklqana.
  1598 | D:2      | Reached XP level 4. HP: 24/24 MP: 3/11
  1664 | D:2      | Found a shadowy altar of Dithmenos.
  1968 | D:3      | Learned a level 3 spell: Inner Flame
  2213 | D:3      | Found a bloodstained altar of Trog.
  3064 | D:3      | Reached XP level 5. HP: 28/28 MP: 0/12
  3232 | D:3      | Noticed Etesian's ghost (amateur DEFE)
  4133 | D:3      | Gained mutation: You evolve. [potion of beneficial mutation]
  4134 | D:3      | Gained mutation: You are resistant to hostile enchantments. (MR+) [potion of beneficial mutation]
  4525 | D:3      | Noticed a moth of wrath
  4541 | D:3      | Found a bloodstained altar of Trog.
  4750 | D:3      | Killed Etesian's ghost
  4750 | D:3      | Reached skill level 5 in Fire Magic
  4750 | D:3      | Reached XP level 6. HP: 15/32 MP: 14/14
  5067 | D:4      | Reached skill level 5 in Spellcasting
  5287 | D:4      | Found a sand-covered staircase.
  5293 | Ossuary  | Entered an ossuary
  5307 | Ossuary  | Gained mutation: You are partially covered in yellow scales. (AC +2) [evolution]
  5433 | Ossuary  | Reached XP level 7. HP: 22/36 MP: 0/16
  5654 | Ossuary  | Noticed a flying skull
  5654 | Ossuary  | Noticed a wraith
  5714 | Ossuary  | Noticed a flying skull
  5723 | Ossuary  | Noticed a wraith
  5730 | Ossuary  | Slain by a wraith

Vault maps used:
D:1:      eino_arrival_cavern_b, minmay_misc_feat_cross
D:2:      nicolae_overflow_crystal_walls, nicolae_overflow_hidden_temple
D:3:      overflow_temple_1_default, st_stairs_11, tgw_trog
D:4:      minmay_shop_star, old_standard_altar, nicolae_ossuary_entry_plus,
          nicolae_tso_carved_into_rock, uniq_edmund
Ossuary:  ossuary_due_cavern

Skill      XL: |  1  2  3  4  5  6 |
---------------+-------------------+-----
Fire Magic     | 4 5 |  5.9
Conjurations   | 2 3 4 |  4.6
Dodging        | 3 4 |  4.4
Spellcasting   | 4 5 |  5.1
Stealth        | |  2.4

Action                   |  1- 3 |  4- 6 |  7- 9 || total
-------------------------+-------+-------+-------++-------
Melee: Short sword       |    42 |   108 |    34 ||   184
       Unarmed           |     3 |       |       ||     3
 Cast: Flame Tongue      |    32 |    55 |       ||    87
       Throw Flame       |    14 |    51 |     9 ||    74
       Inner Flame       |       |     4 |       ||     4
       Conjure Flame     |       |     1 |       ||     1
Evoke: Wand              |       |     6 |       ||     6
  Use: Scroll            |     8 |     6 |       ||    14
       Potion            |       |     3 |     1 ||     4
 Stab: Sleeping          |     2 |       |     6 ||     8
       Paralysed         |       |     8 |       ||     8
  Eat: Chunk             |     2 |    13 |       ||    15
Armor: Robe              |    11 |    37 |     7 ||    55
Dodge: Dodged            |    38 |   140 |    24 ||   202
